 Dungeon Crawl Stone Soup version 0.8.0-1-g574be46 character file.

2172 Elynae the Devout (level 9, -7/85 HPs)
             Began as an Ogre Priest on May 19, 2011.
             Was a Priest of Zin.
             Mangled by an orc warrior
             ... wielding a +0,+0 orcish flail
              (9 damage)
             ... on Level 7 of the Dungeon.
             The game lasted 00:34:39 (12629 turns).

Elynae the Devout (Ogre Priest)                    Turns: 12629, Time: 00:34:39

HP  -7/85        AC  8     Str 20 Exp: 9/2663 (1), need: 1637
MP  16/21        EV 10     Int 14      God: Zin [***...]
Gold 308         SH  0     Dex  8      Spells:  0 memorised, 10 levels left

Res.Fire  : . . .   See Invis. : +   e - +3,+2 flail
Res.Cold  : . . .   Warding    : . . a - +3 robe "Shaonuukli" {+Lev}
Life Prot.: . . .   Conserve   : +   (shield restricted)
Res.Acid. : + . .   Res.Corr.  : +   (helmet restricted)
Res.Poison: .       Clarity    : .   b - +1 cloak {rCorr, Cons}
Res.Elec. : .       Spirit.Shd : .   (gloves unavailable)
Sust.Abil.: + .     Stasis     : .   (boots unavailable)
Res.Mut.  : +       Ctrl.Telep.: .   n - amulet of resist mutation
Res.Rott. : .       Levitation : .   G - ring of see invisible
Saprovore : + . .   Ctrl.Flight: .   q - ring of sustain abilities

@: very slightly glowing, hasted, very quick, somewhat resistant to hostile
enchantments, unstealthy
A: unfitting armour, fast metabolism 1, saprovore 1, tough skin 1
a: Recite, Vitalisation, Imprison, Renounce Religion, Evoke Levitation


You were on level 7 of the Dungeon.
You worshipped Zin.
Zin was greatly pleased with you.
You were not hungry.

You visited 1 branch of the dungeon, and saw 9 of its levels.

You collected 288 gold pieces.

Inventory:

Hand weapons
 e - a +3,+2 flail (weapon)
 h - a +0,+0 dagger (quivered)
 s - a +1,+1 dwarven hammer
 u - a +0 blowgun
Missiles
 F - 28 poisoned +0 needles
Armour
 a - the +3 robe "Shaonuukli" (worn) {+Lev}
   (You found it on level 5 of the Dungeon)

   It lets you levitate.
 b - a +1 cloak of preservation (worn)
Magical devices
 m - a wand of digging (1)
 r - a wand of confusion (0)
 t - a wand of fire (0)
 w - a wand of disintegration (0)
 y - a wand of slowing (6)
Comestibles
 c - 5 meat rations
 j - a bread ration
Scrolls
 o - 2 scrolls of detect curse
 p - 2 scrolls of teleportation
 v - 4 scrolls of remove curse
 x - a scroll of fog
 B - a scroll of immolation
Jewellery
 n - an amulet of resist mutation (around neck)
 q - a ring of sustain abilities (left hand)
 G - a ring of see invisible (right hand)
Potions
 f - a potion of cure mutation {unknown}
 i - a potion of paralysis
 k - a potion of restore abilities
 A - a potion of gain intelligence {unknown}
 E - a potion of mutation You had 1 experience left.


   Skills:
 + Level 5 Fighting
 + Level 9 Maces & Flails
 - Level 2 Staves
 - Level 2 Dodging
 - Level 1 Stealth
 + Level 1 Spellcasting
 + Level 10 Invocations


You had 10 spell levels left.
You didn't know any spells.

Dungeon Overview and Level Annotations

Branches:
Dungeon (9/27)             Temple (0/1) D:6
    Orc: D:6-11        Lair: D:8-13

Altars:
Fedhas
Makhleb
Nemelex Xobeh
Vehumet
Xom


Innate Abilities, Weirdness & Mutations

You are too large for most types of armour.
You have a fast metabolism.
You can tolerate rotten meat.
You have tough skin (AC +1).


Message History

As you read the scroll of blinking, it crumbles to dust.
You are very lightly contaminated with residual magic.
Drink which item? (? for menu, Esc to quit)
You feel yourself speed up.
It was a potion of speed.
You climb upwards.
The imp hits you but does no damage.
The orc warrior hits you with an orcish flail!
You die...

#.# ###.########.# #.#
###.#### #.........#########.#
.......#### #................#
..........###.........######..
....(..##...#.........#
...<...####...........#
.......# ##..........#
####.### ##.K.5.....# #.#
#...@.....# #.# #...o.....# .#
#.# ####.###### .# #># #.#
####.# ####.## #####.####
#....# ......# #........#
#....# ....).######........#
##....# ....................#
###.....#
......######........#
#.......#


You could see an orc warrior, an imp and a kobold (sleeping).

Vanquished Creatures
  Joseph (D:8)
  A hippogriff (D:7)
  A manticore (D:8)
  A phantom (D:5)
  An ogre (D:5)
  A centaur (D:6)
  2 giant frogs (D:6)
  2 quasits
  4 imps
  Crazy Yiuf (D:4)
  An orc priest (D:9)
  A scorpion (D:5)
  2 worker ants
  An orc wizard (D:9)
  2 jellies (D:5)
  10 gnolls
  14 snakes
  2 snake skeletons (D:4)
  2 giant mites
  2 worms
  8 giant geckos
  2 oozes (D:2)
  10 orcs
  3 giant cockroaches
  13 hobgoblins
  12 jackals
  15 kobolds
  23 megabats
  4 quokkas
  A small snake (D:1)
  10 giant newts
  11 goblins
  A hobgoblin skeleton (D:3)
  A kobold zombie (D:5)
  2 orc skeletons
  An orc zombie (D:7)
  15 rats
  A rat zombie (D:5)
  4 fungi (D:4)
189 creatures vanquished.

Vanquished Creatures (collateral kills)
  A gnoll (D:5)
1 creature vanquished.

Vanquished Creatures (others)
  An orc (D:9)
  A giant cockroach (D:7)
  2 hobgoblins (D:7)
  A megabat (D:7)
  A goblin (D:7)
  A kobold (D:7)
  A rat (D:1)
  A fungus (D:2)
  14 toadstools
23 creatures vanquished.

Grand Total: 213 creatures vanquished

Notes
Turn   | Place    | Note
--------------------------------------------------------------
     0 | D:1      | Elynae, the Ogre Priest, began the quest for the Orb.
     0 | D:1      | Reached XP level 1. HP: 16/16 MP: 2/2
   493 | D:1      | Reached skill level 1 in Dodging
   520 | D:1      | Reached XP level 2. HP: 13/24 MP: 3/4
  1021 | D:1      | Reached skill level 1 in Maces & Flails
  1205 | D:1      | Reached XP level 3. HP: 24/32 MP: 5/6
  1378 | D:1      | Acquired Zin's second power
  2234 | D:2      | Found a radiant altar of Vehumet.
  2445 | D:2      | Found a blossoming altar of Fedhas.
  2533 | D:2      | Reached XP level 4. HP: 38/40 MP: 7/8
  3986 | D:3      | Reached XP level 5. HP: 19/49 MP: 9/10
  4243 | D:3      | Found a burning altar of Makhleb.
  4812 | D:5      | Entered Level 5 of the Dungeon
  5015 | D:4      | Reached skill level 6 in Invocations
  5298 | D:4      | Reached XP level 6. HP: 36/57 MP: 12/13
  5439 | D:4      | Reached skill level 7 in Invocations
  6340 | D:4      | Reached skill level 5 in Maces & Flails
  6541 | D:4      | Acquired Zin's third power
  6551 | D:4      | Noticed Crazy Yiuf
  6580 | D:4      | Defeated Crazy Yiuf
  6585 | D:4      | Identified a +1 cloak of preservation (You took it off Crazy Yiuf on level 4 of the Dungeon)
  6683 | D:5      | Got a transparent robe
  6691 | D:5      | Identified the +3 robe "Shaonuukli" (You found it on level 5 of the Dungeon)
  7360 | D:5      | Reached XP level 7. HP: 44/66 MP: 15/16
  7897 | D:5      | Reached skill level 8 in Invocations
  8537 | D:5      | Reached skill level 5 in Fighting
  8693 | D:5      | Reached skill level 1 in Stealth
  8748 | D:6      | Reached XP level 8. HP: 44/76 MP: 18/18
  8807 | D:6      | Found a staircase to the Ecumenical Temple.
  9842 | D:7      | Found a sparkling altar of Nemelex Xobeh.
 10000 | D:7      | Reached skill level 9 in Invocations
 10537 | D:7      | Found a shimmering altar of Xom.
 11509 | D:8      | Noticed Joseph
 11723 | D:8      | Defeated Joseph
 11723 | D:8      | Reached XP level 9. HP: 10/85 MP: 20/20
 12112 | D:8      | Reached skill level 1 in Spellcasting
 12502 | D:9      | Reached skill level 10 in Invocations
 12624 | D:9      | HP: 1/85 [hound (4)]
 12629 | D:7      | Mangled by an orc warrior
